 Dungeon Crawl Stone Soup version 0.15-a0-58-gfb3cfe9 (console) character file.

106 DracheReborn the Gusty (level 3, 0/24 HPs)
             Began as a Vampire Air Elementalist on Apr 5, 2014.
             Slain by a gnoll
             ... wielding a +0,+2 spear
              (4 damage)
             ... on Level 2 of the Dungeon.
             The game lasted 00:12:18 (1362 turns).

DracheReborn the Gusty (Vampire Air Elementalist)   Turns: 1362, Time: 00:12:18

HP   0/24        AC  2     Str  7      XL: 3   Next: 23%
MP   2/6         EV 12     Int 18      God:
Gold 69          SH  0     Dex 14      Spells:  1 memorised,  5 levels left

rFire  . . .     SeeInvis +     i - +1,+0 hand axe (chop)
rCold  . . .     Clarity  .     a - +0 robe
rNeg   . . .     Conserve .     (no shield)
rPois  .         rCorr    .     (no helmet)
rElec  .         rRot     .     (no cloak)
SustAb + .       Spirit   .     (no gloves)
rMut   .         Warding  .     (no boots)
Saprov . . .     Stasis   .     k - amulet of rage
MR     .....                    z - ring of see invisible {unknown}
                                v - ring of sustain abilities {unknown}

@: regenerating quickly, very slightly contaminated, not resistant to hostile
enchantments, stealthy
A: fangs 3, see invisible, unbreathing
a: Evoke Berserk Rage


You were on level 2 of the Dungeon.
You were very full.

You visited 1 branch of the dungeon, and saw 2 of its levels.

You collected 69 gold pieces.

Inventory:

Hand weapons
 i - a +1,+0 hand axe of chopping (weapon)
 y - a +0,+0 sling
Missiles
 d - 44 darts
 e - 5 needles of confusion
 m - 2 tomahawks
 o - 7 steel tomahawks (quivered)
 u - 26 stones
 x - 13 sling bullets
Armour
 a - a +0 robe (worn)
Scrolls
 f - a scroll of fear {unknown}
 j - 2 scrolls of random uselessness {unknown}
 l - a scroll of identify {unknown}
 n - a scroll of blinking {unknown}
 q - a scroll of recharging {unknown}
 s - a scroll of remove curse {unknown}
 t - a scroll of amnesia {unknown}
Jewellery
 k - an amulet of rage (around neck)
 v - a ring of sustain abilities (left hand) {unknown}
 w - an uncursed amulet of guardian spirit
 z - a ring of see invisible (right hand) {unknown}
Potions
 c - a potion of blood
 g - a potion of resistance {unknown}
 h - 2 potions of brilliance {unknown}
 p - a potion of heal wounds {unknown}
 r - a potion of agility {unknown}
Books
 b - a book of Air

   Spells                             Type                      Level
   *Shock                             Conjuration/Air              1
   Swiftness                          Charms/Air                   2
   Repel Missiles                     Charms/Air                   2
   Flight                             Charms/Air                   3
   Static Discharge                   Conjuration/Air              3
   Lightning Bolt                     Conjuration/Air              5


   Skills:
 - Level 2.1 Dodging
 - Level 3.0 Stealth
 - Level 2.0 Spellcasting
 - Level 0.6 Conjurations
 + Level 4.3 Air Magic


You had 5 spell levels left.
You knew the following spells:

 Your Spells              Type           Power        Failure   Level  Hunger
a - Shock                 Conj/Air       ##..         10%         1    #......


Dungeon Overview and Level Annotations

Branches:
Dungeon (2/15)

Altars:


Innate Abilities, Weirdness & Mutations

Your natural rate of healing is unusually fast.
You have razor-sharp teeth.*
You have supernaturally acute eyesight.
You can survive without breathing.*


Message History

Press: ? - help, Shift-Dir - straight line The zap misses the gnoll.
The zap hits the gnoll.
You kill the gnoll!
You have reached level 3!
Your experience leads to an increase in your attributes!
Increase (S)trength, (I)ntelligence, or (D)exterity?
You feel clever.
If you weren't so full you could now transform into a vampire bat.
* * * LOW MAGIC WARNING * * *
Unknown command.
Things that are here:
a flail; a gnoll corpse {@w1} Drinking blood from a gnoll corpse {@w1}.
Somehow this blood was not very filling!
You feel somewhat more full.
You continue drinking. x2
You finish drinking.
You start resting.
Your magical contamination has completely faded away.
Casting: Shock
Confirm with . or Enter, or press ? or * to list all spells.
Aiming: Shock
Press: ? - help, Shift-Dir - straight line, f - gnoll
Aim: a gnoll, wielding a spear (hasn't noticed you)
You miscast Shock.
You are very lightly contaminated with residual magic.
Nothing appears to happen.
You see here a flail.
You start resting.
Press: ? - help, v - describe, . - travel
Here: a gnoll, wielding a spear The floor.
Unknown command.
The gnoll closely misses you.
You see here a flail.
You hit the gnoll.
The gnoll is moderately wounded.
The gnoll hits you with a spear.
Huge Dmg: -21%(-5hp) hp: 75%(18hp)
You hit the gnoll.
The gnoll is severely wounded.
The gnoll hits you with a spear.
* * * LOW HITPOINT WARNING * * *
Huge Dmg: -20%(-5hp) hp: 55%(13hp)
You hit the gnoll but do no damage.
The gnoll is severely wounded.
The gnoll hits you with a spear!
* * * LOW HITPOINT WARNING * * *
The gnoll hits you with a spear.
You die...

.....#.......###..........#
######(......# #..........#
####'#### #..........# #..#
#########.## ##.# #.....#
######'#### ###.######
#.........# #........# ##
#.........####........# .#
#.........#.@g........# .+
#.........#.##........# .#
#.........#.##........# .#
#.........#.##........# .#
#.........#.##........# .#
+.........#.##g.......# ##
#.........).##........#
#.........####........#
#.........# ##.#######


You could see a gnoll.

Vanquished Creatures
  A gnoll (D:2)
  A giant gecko (D:1)
  3 bats (D:1)
  A giant cockroach (D:1)
  4 goblins
  3 hobgoblins
  3 jackals (D:1)
  A kobold (D:1)
  3 giant newts
  7 rats (D:1)
27 creatures vanquished.

Notes
Turn   | Place    | Note
--------------------------------------------------------------
     0 | D:1      | DracheReborn, the Vampire Air Elementalist, began the quest for the Orb.
     0 | D:1      | Reached XP level 1. HP: 13/13 MP: 3/3
   224 | D:1      | Reached XP level 2. HP: 13/19 MP: 1/4
   468 | D:1      | Huge Dmg: 4 dmg
   767 | D:1      | Reached skill level 4 in Air Magic
  1333 | D:2      | Huge Dmg: 5 dmg
  1333 | D:2      | Reached XP level 3. HP: 17/24 MP: 0/6
  1361 | D:2      | Huge Dmg: 5 dmg
  1362 | D:2      | Huge Dmg: 5 dmg
  1362 | D:2      | Slain by a gnoll

Action                   || total
-------------------------++-------
Melee: Hand axe          ||    19
       Unarmed           ||     2
Throw: Dart              ||     6
       Tomahawk          ||     2
 Cast: Shock             ||    36

Vault maps used:
D:1:      saegor_arrival_simple_b, grunt_decor_cap
D:2:      lightli_corner_chamber
